 Dungeon Crawl Stone Soup version 0.29.1-13-g9f3cf754e1 (webtiles) character file.

Game seed: 4693365750185556167

3890 cheesebisquit the Cleaver (level 10, 0/91 HPs)
             Began as a Minotaur Berserker on Jan 21, 2023.
             Was a Priest of Trog.
             Slain by a yak (7 damage)
             ... on level 8 of the Dungeon.
             The game lasted 00:23:43 (8196 turns).

cheesebisquit the Cleaver (Minotaur Berserker)      Turns: 8196, Time: 00:23:43

Health: 0/91       AC:  9    Str: 26    XL:     10   Next: 0%
Magic:  9/9        EV: 10    Int:  4    God:    Trog [***...]
Gold:   415        SH:  0    Dex: 10    Spells: 9/9 levels left

rFire   + . .      SeeInvis .   u - +0 war axe
rCold   + . .      Faith    .   (no shield)
rNeg    + . .      Spirit   .   h - +1 scale mail
rPois   +          Reflect  .   (helmet restricted)
rElec   +          Harm     .   y - scarf {shadows}
rCorr   +          Rampage  .   (no gloves)
Will    .....                   (no boots)
Stlth   ..........              (no amulet)
HPRegen 0.25/turn               w - ring of resist corrosion
MPRegen 0.11/turn               i - ring of positive energy

@: resistant, on berserk cooldown, hasted and slowed
A: horns 2, retaliatory headbutt
a: Renounce Religion, Berserk, Trog's Hand


You were on level 8 of the Dungeon.
You worshipped Trog.
Trog was most pleased with you.
You visited 1 branch of the dungeon, and saw 8 of its levels.
You also visited: Sewer.

You collected 415 gold pieces.

Inventory:

Hand Weapons
 b - a +0 mace
 u - a +0 war axe (weapon)
Missiles
 j - 12 poisoned darts (quivered)
 t - 2 javelins
 F - 4 curare-tipped darts
Armour
 h - a +1 scale mail (worn)
 y - a scarf of shadows (worn)
Jewellery
 i - a ring of positive energy (right hand)
 v - the ring of Qimozeh {rF+++ Str-4 Dex+6 SInv}
   (You found it on level 4 of the Dungeon)

   [ring of dexterity]

   Str:       It affects your strength (-4).
   Dex:       It affects your dexterity (+6).
   rF:        It renders you almost immune to fire.
   SInv:      It lets you see invisible.
 w - a ring of resist corrosion (left hand)
 D - an amulet of faith
Scrolls
 a - a scroll of poison {unknown}
 e - a scroll of immolation
 f - 2 scrolls of magic mapping
 k - a scroll of fear
 l - a scroll of enchant armour
 m - a scroll of noise {unknown}
 A - a scroll of enchant weapon {unknown}
 C - a scroll of acquirement {unknown}
Potions
 c - 2 potions of haste
 d - 2 potions of cancellation
 g - 2 potions of might
 q - a potion of brilliance {unknown}
 r - a potion of lignification {unknown}
 s - a potion of resistance
 x - a potion of mutation {unknown}
 B - a potion of magic {unknown}
 E - a potion of attraction {unknown}


   Skills:
 + Level 9.3 Fighting
 * Level 12.6 Axes
 + Level 9.0 Armour
 - Level 2.1 Dodging


You had 9 spell levels left.
You didn't know any spells.
Your spell library was empty.

Dungeon Overview and Level Annotations

Branches:
Dungeon (8/15)             Temple (0/1) D:6           Sewer (visited)
   Lair: D:8-11

Altars:
Cheibriados
Nemelex Xobeh
Wu Jian
Xom

Shops:
D:6 :


Innate Abilities, Weirdness & Mutations

You have a pair of horns on your head.
You reflexively headbutt those who attack you in melee.


Message History

You feel as though you will be slow longer.
The hornet stings you.
* * * LOW HITPOINT WARNING * * *
You are lethally poisoned!
You shrug off the repeated paralysis!
You feel protected.
* * * LOW HITPOINT WARNING * * *
You feel extremely sick. The hornet stings you!
* * * LOW HITPOINT WARNING * * *
The hornet closely misses you. x2
You feel much better.
You feel extremely sick. The hornet barely misses you. The hornet stings you!
* * * LOW HITPOINT WARNING * * *
Okay, then.
You barely miss the hornet. You headbutt the hornet.
You kill the hornet!
Trog accepts your kill.
You feel very sick.
Your Armour skill increases to level 9!
You have reached level 10!
As you read the scroll of teleportation, it crumbles to dust.
You feel strangely unstable.
You feel very sick.
Found 8 gold pieces and a quarterstaff.
You feel very sick.
You see here a hornet corpse.
Your surroundings suddenly seem different.
A yak comes into view.
You feel the effects of Trog's Hand fading.
You feel sick.
You feel sick.
You feel sick.
Your skin stops crawling.
You feel less strong-willed.
You feel sick.
You are no longer poisoned.
You feel yourself speed up. The yak completely misses you.
The yak attacks as you move away! The yak gores you!
You die...

#.# #.# ### #.# ..#
#.# #.# #.# #.# #.#
. #.# #.# #. #.#
####.## #. #@#
#.....#
####.####Y####.##.##
.............#.##.##
#.................#
..##...###...##...#
#.#.# #.#.###..#
#...#.#...###.##
.###... ##....#
#.#)#.#.# #.#).#


You could see a yak.

Vanquished Creatures
  An unseen horror (D:8)
  A troll (D:8)
  A hornet (D:8)
  A wyvern (D:8)
  6 yaks (D:5)
  Duvessa (D:7)
  A water moccasin (D:7)
  A black bear (D:4)
  An orc warrior (D:7)
  3 ice beasts
  A sky beast (D:6)
  An ogre (D:6)
  A phantom (D:5)
  A bullfrog (D:6)
  A necrophage (D:6)
  3 scorpions
  Dowan (D:7)
  6 killer bees (D:7)
  3 jellies
  An orc priest (D:6)
  A hound (D:6)
  An iron imp (D:8)
  An iguana (D:4)
  8 orc wizards
  A gnoll (D:8)
  8 adders
  2 river rats (Sewer)
  2 white imps
  An ufetubus (D:5)
  7 worms
  A dart slug (D:4)
  17 orcs
  16 endoplasms
  6 giant cockroaches
  9 goblins
  8 hobgoblins
  3 kobolds
  6 quokkas
  7 ball pythons
  5 bats
  4 frilled lizards
  8 rats
158 creatures vanquished.

Notes
Turn   | Place    | Note
-------+----------+-------------------------------------------
     0 | D:1      | cheesebisquit the Minotaur Berserker began the quest for
                  | the Orb.
     0 | D:1      | Reached XP level 1. HP: 19/19 MP: 0/0
   141 | D:1      | Reached skill level 4 in Axes
   209 | D:1      | Reached XP level 2. HP: 23/27 MP: 1/1
   464 | D:1      | Found a faded altar of an unknown god.
   709 | D:1      | Reached XP level 3. HP: 22/33 MP: 2/2
  1225 | D:2      | Found a shimmering altar of Xom.
  1288 | D:2      | Reached ** piety under Trog
  1995 | D:3      | Found a glowing drain.
  2016 | Sewer    | Entered a sewer
  2168 | Sewer    | Reached skill level 5 in Axes
  2168 | Sewer    | Reached XP level 4. HP: 40/40 MP: 3/3
  2675 | Sewer    | Reached XP level 5. HP: 47/47 MP: 4/4
  2699 | Sewer    | Found a viscous altar of Jiyva.
  2826 | D:3      | Reached skill level 6 in Axes
  3216 | D:3      | Reached skill level 5 in Fighting
  3237 | D:3      | Reached XP level 6. HP: 28/56 MP: 5/5
  3385 | D:3      | Reached *** piety under Trog
  3540 | D:3      | Noticed an ice beast
  3554 | D:3      | Killed an ice beast
  3686 | D:4      | Identified the ring of Qimozeh {rF+++ Str-4 Dex+6 SInv}
  3738 | D:4      | Reached skill level 7 in Axes
  3861 | D:4      | Reached skill level 5 in Armour
  3861 | D:4      | Reached XP level 7. HP: 62/62 MP: 6/6
  4541 | D:4      | Reached skill level 8 in Axes
  4581 | D:5      | Entered Level 5 of the Dungeon
  4642 | D:5      | Found an ornate altar of the Wu Jian Council.
  4803 | D:5      | Noticed a yak
  4803 | D:5      | Noticed a yak
  4803 | D:5      | Noticed a yak
  4808 | D:5      | Noticed a yak
  4809 | D:5      | Noticed a yak
  4809 | D:5      | Noticed a yak
  4812 | D:5      | Killed a yak
  4815 | D:5      | Killed a yak
  4816 | D:5      | Reached XP level 8. HP: 71/71 MP: 7/7
  4820 | D:5      | Reached skill level 9 in Axes
  4829 | D:5      | Reached skill level 10 in Axes
  6038 | D:6      | Reached XP level 9. HP: 63/81 MP: 8/8
  6377 | D:6      | Found a staircase to the Ecumenical Temple.
  6416 | D:6      | Found Madak's Self-Improvement Boutique.
  6500 | D:6      | Reached skill level 11 in Axes
  6810 | D:7      | Found a sparkling altar of Nemelex Xobeh.
  7394 | D:7      | Noticed Dowan
  7470 | D:7      | Noticed Duvessa
  7482 | D:7      | Killed Duvessa
  7488 | D:7      | Killed Dowan
  8062 | D:8      | Found a snail-covered altar of Cheibriados.
  8153 | D:8      | Noticed a troll
  8159 | D:8      | Reached skill level 12 in Axes
  8165 | D:8      | Killed a troll
  8181 | D:8      | Killed an unseen horror
  8182 | D:8      | Paralysed by a hornet for 2 turns
  8185 | D:8      | HP: 3/83 [hornet (9)]
  8188 | D:8      | Reached XP level 10. HP: 11/91 MP: 9/9
  8196 | D:8      | Slain by a yak

Illustrated notes

Levels and vault maps discovered:
D:1:      co_arrival_square_in_a_square_in_a_square, layout_basic,
          hellmonk_ecumenical_altar_crossroads, dk_noncrumbling_3,
          minmay_3d_cube
D:2:      layout_basic, basic_altar, amcnicky_mini_pool_small
D:3:      layout_loops_cross, cheibrodos_sewer_entry_sluice
D:4:      layout_gridville
D:5:      layout_gridville, old_standard_altar
D:6:      layout_cave_pods, minmay_temple_entry_tees, serial_column_ruins,
          column_ruins_square_medium, column_ruins_hut,
          column_ruins_open_small_water, column_ruins_columns_straight,
          column_ruins_open_small, nicolae_shop_self_help
D:7:      layout_gridville, nemelex_diamond_rough_becter, uniq_duvessa
D:8:      layout_basic, slow_altar_1, lair_entry_dummy, minmay_misc_feat_alley,
          minmay_starry_boxes

Skill      XL: |  1  2  3  4  5  6  7  8  9 |
---------------+----------------------------+-----
Axes           | 4 5 6 7 8 10 12 | 12.6
Fighting       | 4 5 6 7 9 |  9.3
Armour         | 3 4 5 6 7 9 |  9.0
Dodging        | |  2.1

Action                   |  1- 3 |  4- 6 |  7- 9 | 10-12 || total
-------------------------+-------+-------+-------+-------++-------
Melee: Hand axe          |    93 |    62 |       |       ||   155
       Headbutt          |     9 |    22 |    31 |       ||    62
       Punch             |     1 |       |     3 |       ||     4
       War axe           |       |    53 |   178 |       ||   231
Throw: Dart              |    10 |    50 |    62 |       ||   122
       Throwing net      |       |     1 |       |       ||     1
Invok: Berserk           |     2 |     4 |     6 |       ||    12
       Trog's Hand       |       |     2 |     8 |       ||    10
  Use: Scroll            |     3 |     2 |     8 |     1 ||    14
       Potion            |       |       |     6 |     1 ||     7
Armor: Animal skin       |     5 |       |       |       ||     5
       Scale mail        |    33 |    36 |    79 |       ||   148
Dodge: Dodged            |    38 |    56 |    63 |     1 ||   158
